 Dungeon Crawl Stone Soup version 0.27-a0-1186-g8b4daa1eef (webtiles) character file.

Game seed: 6332108765561010607

660 Zonian the Destroyer (level 7, -1/40 HPs)
             Began as a Tengu Conjurer on May 20, 2021.
             Was a Plaything of Xom.
             Succumbed to a water moccasin's poison
             ... on level 5 of the Dungeon.
             The game lasted 00:12:24 (6559 turns).

Zonian the Destroyer (Tengu Conjurer)               Turns: 6559, Time: 00:12:24

Health: -1/40      AC:  3    Str:  9      XL:     7   Next: 56%
Magic:  4/14       EV: 15    Int: 24      God:    Xom [...*..]
Gold:   249        SH:  0    Dex: 14 (15) Spells: 7/14 levels left

rFire    . . .     SeeInvis .   e - +0 whip (vorpal)
rCold    + . .     Faith    .   (no shield)
rNeg     . . .     Spirit   .   a - +1 robe
rPois    .         Reflect  .   (helmet restricted)
rElec    .         Harm     .   (no cloak)
rCorr    .         Rampage  .   (no gloves)
Will     .....                  (boots unavailable)
Stlth    +++.......             (no amulet)
HPRegen  0.13/turn              h - ring of protection from cold
MPRegen  0.14/turn              j - +6 ring of intelligence

@: mighty, lethally poisoned (-1 -> -13), unable to read, flying quickly and
evasively, hasted, very quick
A: beak, talons 3, nimble flight, horns 1, thin skeletal structure 1,
deterioration 1, inability to read while threatened, MP-powered wands
a: Renounce Religion


You were on level 5 of the Dungeon.
You worshipped Xom.
You were a favourite toy of Xom.
You visited 1 branch of the dungeon, and saw 5 of its levels.

You collected 249 gold pieces.

Inventory:

Hand Weapons
 d - a +0 dagger
 e - a +0 vorpal whip (weapon)
 m - a +0 short sword
 o - a +0 long sword
Missiles
 b - 50 sling bullets
 r - 17 poisoned darts
Armour
 a - a +1 robe (worn)
Magical Staves
 s - a staff of poison
Jewellery
 h - a ring of protection from cold (left hand)
 j - a +6 ring of intelligence (right hand)
 t - a ring of ice
 u - a ring of see invisible
 x - a ring of positive energy
Wands
 l - a wand of mindburst (9)
 v - a wand of charming (7)
Scrolls
 c - 2 scrolls of teleportation
Potions
 i - a potion of attraction {unknown}
 k - a potion of lignification
 n - 2 potions of mutation
 p - a potion of curing {unknown}
 q - a potion of cancellation {unknown}


   Skills:
 * Level 2.4 Fighting
 + Level 1.6 Maces & Flails
 + Level 3.2 Dodging
 + Level 3.1 Stealth
 + Level 4.0 Spellcasting
 + Level 8.2 Conjurations
 + Level 0.6 Hexes
 * Level 1.0 Translocations


You had 7 spell levels left.
You knew the following spells:

 Your Spells              Type           Power      Damage    Failure   Level
a - Magic Dart            Conj           100%       1d8       1%          1
b - Searing Ray           Conj           88%        3d6       1%          2
c - Iskenderun's Mystic   Conj/Tloc      27%        2d7       14%         4

Your spell library contained the following spells:

 Spells                   Type           Power      Damage    Failure   Level
 Dazzling Flash           Conj/Hex       52%        N/A       4%          3
 Fulminant Prism          Conj/Hex       13%        3d9       16%         4


Dungeon Overview and Level Annotations

Branches:
Dungeon (5/15)             Temple (0/1) D:5

Altars:
Xom

Shops:
D:2 =


Innate Abilities, Weirdness & Mutations

You have a beak for a mouth.
You have claws for feet.
Your magical nature lets you fly swiftly and evasively.
You have a pair of small horns on your head.
You have a somewhat thin skeletal structure. (Dex +2, Stealth+)
Your body sometimes deteriorates upon taking damage.
You sometimes lose the ability to read scrolls when taking damage.
You expend magic power (3 MP) to strengthen your wands.


Message History

You feel sick. The water moccasin misses you.
The searing ray hits the water moccasin.
The water moccasin is almost dead.
You finish channeling your searing ray.
You can read scrolls again.
You feel sick. The water moccasin bites you.
You feel threatened and lose the ability to read scrolls!
* * * LOW HITPOINT WARNING * * *
Your body deteriorates!
You feel dopey.
You are lethally poisoned!
The water moccasin poisons you! The water moccasin bites you.
* * * LOW HITPOINT WARNING * * *
Okay, then.
Casting: Searing Ray (safe; 1% risk of failure)
Confirm with . or Enter, or press ? or * to list all spells.
Aiming: Magic Dart (safe; 1% risk of failure)
Press: ? - help, Shift-Dir - straight line, f/p - water moccasin
Aim: a water moccasin (almost dead, 100% to hit)
Okay, then.
Casting: Magic Dart (safe; 1% risk of failure)
Confirm with . or Enter, or press ? or * to list all spells.
Aiming: Searing Ray (safe; 1% risk of failure)
Press: ? - help, Shift-Dir - straight line, f/p - water moccasin
Aim: a water moccasin (almost dead, 70% to hit)
The searing ray hits the water moccasin.
You kill the water moccasin! (Press . to maintain the ray.)
* * * LOW HITPOINT WARNING * * *
Your body deteriorates!
You feel clumsy.
You feel very sick.
You feel your intelligence returning.
Your Stealth skill increases to level 3!
Your Spellcasting skill increases to level 4!
Your Translocations skill increases to level 1!
It was a potion of might.
You feel very mighty all of a sudden.
* * * LOW HITPOINT WARNING * * *
You feel very sick.
It was a potion of haste.
You feel yourself speed up.
You die...
Xom chortles!

.##.......### #.#
,,,## , ,*
....####### #.# *
.># , * ..###
#.## #..#***** ,,
.. #..# #...,<,,
***** ..
##.##..#**** ,*
#.
#######$#..####
*,* ##
...............
,,,*
........#.####>
,,,,* *
######.@....... ,
,*,,,*
#...†....###
,,,,,, *
#........#**,, ,*
,, #...........,
,*,,,*
#.......!.##*****
*** ..#########
.## .#


There were no monsters in sight!

Vanquished Creatures
  A water moccasin (D:5)
  An ice beast (D:5)
  2 necrophages
  A scorpion (D:4)
  A water moccasin skeleton (D:5)
  A bullfrog zombie (D:5)
  An iguana (D:5)
  A gnoll (D:1)
  3 adders
  2 worms (D:3)
  6 dart slugs
  An orc (D:5)
  4 bats
  9 endoplasms
  2 giant cockroaches
  7 goblins
  6 hobgoblins
  2 jackals (D:3)
  4 quokkas
  5 ball pythons
  5 frilled lizards
  10 kobolds
  8 rats
83 creatures vanquished.

Notes
Turn   | Place    | Note
-------+----------+-------------------------------------------
     0 | D:1      | Zonian the Tengu Conjurer began the quest for the Orb.
     0 | D:1      | Reached XP level 1. HP: 10/10 MP: 4/4
   177 | D:1      | Reached XP level 2. HP: 12/15 MP: 1/6
   246 | D:1      | Found a faded altar of an unknown god.
   257 | D:1      | Became a worshipper of Xom of Chaos
   483 | D:1      | XOM: silly message
   498 | D:1      | Reached skill level 6 in Conjurations
  1171 | D:1      | XOM: silly message
  1197 | D:1      | Reached XP level 3. HP: 19/19 MP: 4/7
  1228 | D:1      | XOM: divination: detect items
  1622 | D:2      | XOM: smoke on damage
  1802 | D:2      | Noticed a necrophage
  1805 | D:2      | XOM: god gift: 13 arrows
  1809 | D:2      | Killed a necrophage
  1810 | D:2      | Reached skill level 7 in Conjurations
  1810 | D:2      | Reached XP level 4. HP: 24/24 MP: 0/9
  1810 | D:2      | Gained mutation: Your magical nature lets you fly swiftly
                  | and evasively. [Tengu growth]
  1810 | D:2      | Reached XP level 5. HP: 28/28 MP: 0/10
  1813 | D:2      | Learned a level 2 spell: Searing Ray
  1919 | D:2      | XOM: give mutations
  1919 | D:2      | Gained mutation: You have a pair of small horns on your
                  | head. [Xom's grace]
  1919 | D:2      | Gained mutation: You expend magic power (3 MP) to
                  | strengthen your wands. [Xom's grace]
  1919 | D:2      | Gained mutation: You have a somewhat thin skeletal
                  | structure. (Dex +2, Stealth+) [Xom's grace]
  2186 | D:2      | XOM: summons 3 hostile demons
  2494 | D:2      | XOM: silly message
  2795 | D:2      | Found Ruunige's Jewellery Emporium.
  2842 | D:2      | Learned a level 3 spell: Dazzling Flash
  2975 | D:3      | XOM: stat loss: -1 Int (23/24)
  3049 | D:3      | XOM: give mutations
  3049 | D:3      | Gained mutation: Your body sometimes deteriorates upon
                  | taking damage. [Xom's mischief]
  3049 | D:3      | Gained mutation: You sometimes lose the ability to read
                  | scrolls when taking damage. [Xom's mischief]
  3212 | D:3      | Noticed a necrophage
  3218 | D:3      | XOM: smoke on damage
  3222 | D:3      | Killed a necrophage
  3223 | D:3      | Reached skill level 1 in Fighting
  3223 | D:3      | Reached XP level 6. HP: 14/34 MP: 4/11
  3296 | D:3      | XOM: summons 4 hostile shadow creatures
  3410 | D:3      | XOM: summons 2 hostile shadow creatures
  3792 | D:3      | XOM: 4-stop teleportation journey
  3975 | D:3      | XOM: god gift: short sword {god gift}
  4315 | D:3      | XOM: divination: detect items
  4542 | D:4      | XOM: divination: magic mapping
  5499 | D:4      | XOM: god gift: 21 gold pieces
  5616 | D:4      | XOM: cloud trail
  5820 | D:5      | Entered Level 5 of the Dungeon
  5824 | D:5      | XOM: god gift: long runed staff {god gift}
  5847 | D:5      | XOM: divination: magic mapping
  5878 | D:5      | Found a staircase to the Ecumenical Temple.
  5893 | D:5      | Reached skill level 1 in Maces & Flails
  5973 | D:5      | Reached skill level 8 in Conjurations
  5973 | D:5      | Reached XP level 7. HP: 26/40 MP: 6/13
  5982 | D:5      | Learned a level 4 spell: Iskenderun's Mystic Blast
  6116 | D:5      | XOM: god gift: curved fluorescent wand {god gift}
  6558 | D:5      | Reached skill level 1 in Translocations
  6558 | D:5      | HP: 2/40 [poisoned by a water moccasin]
  6559 | D:5      | Succumbed to a water moccasin's poison

Illustrated notes

Levels and vault maps discovered:
D:1:      tarquinn_simple_flora_water_d, layout_loops_cross,
          ebering_ecumenical_altar_petrified
D:2:      minmay_chambers_of_ones, layout_rooms, serial_shops,
          nicolae_shop_crystal
D:3:      minmay_door_path, layout_loops_ring, cheibrodos_sewer_entry_bend
D:4:      layout_gridville
D:5:      layout_rooms, minmay_temple_entry_tees, nrook_mini_backslash

Skill      XL: |  1  2  3  4  5  6  7 |
---------------+----------------------+-----
Conjurations   | 6 7 8 |  8.2
Spellcasting   | 3 4 |  4.0
Fighting       | 1 2 |  2.4
Maces & Flails | 1 |  1.6
Dodging        | 3 |  3.2
Stealth        | 3 |  3.1
Translocations | 1 |  1.0
Hexes          | |  0.6

Action                   |  1- 3 |  4- 6 |  7- 9 || total
-------------------------+-------+-------+-------++-------
Melee: Whip              |       |    51 |    14 ||    65
       Kick              |       |    14 |     7 ||    21
       Peck              |       |     5 |     3 ||     8
       Headbutt          |       |     4 |     5 ||     9
 Cast: Magic Dart        |    59 |   118 |    15 ||   192
       Searing Ray       |       |     1 |     2 ||     3
  Use: Scroll            |     1 |     9 |     1 ||    11
       Potion            |       |     1 |     2 ||     3
 Stab: Sleeping          |       |     2 |       ||     2
Armor: Robe              |     4 |    20 |     3 ||    27
Dodge: Dodged            |     4 |    65 |    20 ||    89

Table legend: (Time is in decaauts)
 A = Elapsed time spent in this place.
 B = Non-inter-level travel time spent in this place.
 C = Inter-level travel time spent in this place.
 D = Time resting spent in this place.
 E = Time spent auto-exploring this place.
 F = Levels seen in this place.
 G = Mean time per level.
                   A        B        C        D        E       F      G
               +--------+--------+--------+--------+--------+-----+--------+
         Total |   6347 |   6248 |     99 |   2437 |   3041 |   5 | 1269.4 |
       Dungeon |   6347 |   6248 |     99 |   2437 |   3041 |   5 | 1269.4 |
               +--------+--------+--------+--------+--------+-----+--------+

Top non-repeatable levels by time:
     D:1: 1619 daAuts
     D:3: 1491 daAuts
     D:2: 1286 daAuts
     D:4: 1222 daAuts
     D:5: 727 daAuts
